 Dungeon Crawl Stone Soup version 0.30-a0-297-g0ec75d9ef4 (webtiles) character file.

Game seed: 13751087727973332992

72 ryw the Insei (level 4, -6/36 HPs)
             Began as a Demonspawn Monk on Oct 19, 2022.
             Mangled by a gnoll
             ... wielding a +0 whip
              (7 damage)
             ... on level 2 of the Dungeon.
             The game lasted 00:02:35 (958 turns).

ryw the Insei (Demonspawn Monk)                      Turns: 958, Time: 00:02:36

Health: -6/36      AC:  6    Str: 13    XL:     4   Next: 6%
Magic:  4/4        EV: 10    Int: 11    God:
Gold:   76         SH:  0    Dex: 16    Spells: 3/3 levels left

rFire   . . .      SeeInvis .      - Unarmed
rCold   . . .      Faith    .    (no shield)
rNeg    . . .      Spirit   .    g - +0 scale mail
rPois   .          Reflect  .    (no helmet)
rElec   .          Harm     .    (no cloak)
rCorr   .          Rampage  .    (no gloves)
Will    .....                    (no boots)
Stlth   +.........               d - amulet of regeneration
HPRegen 1.06/turn                (no ring)
MPRegen 0.09/turn                (no ring)

@: no status effects
A: claws 2, demonic guardian 1
a: no special abilities


You were on level 2 of the Dungeon.
You visited 1 branch of the dungeon, and saw 2 of its levels.

You collected 76 gold pieces.

Inventory:

Missiles
 e - 9 poisoned darts (quivered)
Armour
 g - a +0 scale mail (worn)
Jewellery
 d - an amulet of regeneration (around neck)
 k - a ring of protection from fire
Scrolls
 h - 3 scrolls of identify {unknown}
 l - a scroll of teleportation
Potions
 a - a potion of mutation {unknown}
 b - a potion of ambrosia
 c - a potion of cancellation {unknown}
 f - a potion of degeneration {unknown}
 i - a potion of heal wounds {unknown}
 j - 2 potions of magic {unknown}


   Skills:
 - Level 3.6 Fighting
 - Level 2.6 Dodging
 - Level 1.7 Stealth
 + Level 4.1 Unarmed Combat


You had 3 spell levels left.
You didn't know any spells.
Your spell library was empty.

Dungeon Overview and Level Annotations

Branches:
Dungeon (2/15)

Altars:

Shops:
D:1 (


Innate Abilities, Weirdness & Mutations

You have very sharp fingernails.
A weak demonic guardian rushes to your aid.


Message History

You feel agile.
Your demonic ancestry asserts itself...
Your fingernails sharpen.
You scratch the endoplasm.
The endoplasm is moderately wounded.
The gnoll hits you from afar with a +0 spear.
The endoplasm freezes you.
You are frozen.
You claw the endoplasm!
You kill the endoplasm!
The gnoll hits you from afar with a +0 spear.
A ball python comes into view.
The ball python hisses angrily.
The gnoll barely misses you. The gnoll hits you with a +0 spear.
The ball python moves out of view.
Things that are here:
a +0 flail; a gnoll corpse You scratch the gnoll.
The gnoll is moderately wounded.
The gnoll hits you from afar with a +0 spear.
You barely miss the gnoll.
The gnoll hits you from afar with a +0 spear.
The gnoll hits you but does no damage.
You are too injured to fight recklessly!
You are too injured to fight recklessly!
You are too injured to fight recklessly!
You are too injured to fight recklessly!
You are too injured to fight recklessly!
Unknown command.
You scratch the gnoll but do no damage. The gnoll hits you with a +0 whip.
The gnoll misses you.
The gnoll hits you from afar with a +0 spear!
* * * LOW HITPOINT WARNING * * *
A demonic guardian appears!
You scratch the gnoll but do no damage.
The gnoll hits you from afar with a +0 spear.
* * * LOW HITPOINT WARNING * * *
The gnoll hits you from afar with a +0 spear.
* * * LOW HITPOINT WARNING * * *
The gnoll hits you with a +0 whip!
You die...

#...).......
#.....#####
#.....# #...).#
#####.# #.# #.#
#.# #@#
########g####
#......5gg..#
#?..........+
#...........#
#..............
............#...
................
............####


You could see 3 gnolls and a friendly iron imp (summoned).

Vanquished Creatures
  A gnoll (D:2)
  An adder (D:2)
  2 worms (D:2)
  A dart slug (D:1)
  5 endoplasms
  A giant cockroach (D:1)
  4 goblins
  4 hobgoblins
  2 jackals (D:2)
  3 quokkas (D:1)
  2 ball pythons (D:1)
  7 bats (D:1)
  9 frilled lizards (D:1)
  3 kobolds
  2 rats
47 creatures vanquished.

Notes
Turn   | Place    | Note
-------+----------+-------------------------------------------
     0 | D:1      | ryw the Demonspawn Monk began the quest for the Orb.
     0 | D:1      | Reached XP level 1. HP: 18/18 MP: 1/1
   224 | D:1      | Discovered your monstrous ancestry.
   224 | D:1      | Gained mutation: You have sharp fingernails. [demonic
                  | ancestry]
   224 | D:1      | Reached XP level 2. HP: 20/24 MP: 2/2
   296 | D:1      | Found Qauw's Antique Weapon Boutique.
   358 | D:1      | Reached skill level 3 in Unarmed Combat
   458 | D:1      | Gained mutation: A weak demonic guardian rushes to your
                  | aid. [demonic ancestry]
   458 | D:1      | Reached XP level 3. HP: 29/29 MP: 3/3
   952 | D:2      | Reached skill level 4 in Unarmed Combat
   952 | D:2      | Gained mutation: You have very sharp fingernails. [demonic
                  | ancestry]
   952 | D:2      | Reached XP level 4. HP: 36/36 MP: 4/4
   958 | D:2      | HP: 1/36 [gnoll/+0 spear (4)]
   958 | D:2      | Mangled by a gnoll

Illustrated notes

Levels and vault maps discovered:
D:1:      dpeg_arrival_round_b, layout_rooms, serial_shops, nicolae_shop_stone,
          minmay_misc_feat_four_crosses, chequers_serial_rivers_small_3,
          minmay_lizard_pond
D:2:      layout_basic

Skill      XL: |  1  2  3 |
---------------+----------+-----
Unarmed Combat | 3 4 |  4.1
Fighting       | |  3.6
Dodging        | |  2.6
Stealth        | |  1.7

Action                   |  1- 3 |  4- 6 || total
-------------------------+-------+-------++-------
Melee: Unarmed           |   163 |     6 ||   169
       Punch             |     3 |       ||     3
  Use: Scroll            |     2 |       ||     2
 Stab: Sleeping          |     1 |       ||     1
Armor: Robe              |    16 |       ||    16
       Scale mail        |    46 |     1 ||    47
Dodge: Dodged            |    88 |     2 ||    90

Table legend: (Time is in decaauts)
 A = Elapsed time spent in this place.
 B = Non-inter-level travel time spent in this place.
 C = Inter-level travel time spent in this place.
 D = Time resting spent in this place.
 E = Time spent auto-exploring this place.
 F = Levels seen in this place.
 G = Mean time per level.
                   A        B        C        D        E       F      G
               +--------+--------+--------+--------+--------+-----+--------+
         Total |    949 |    938 |     11 |     66 |    525 |   2 |  474.5 |
       Dungeon |    949 |    938 |     11 |     66 |    525 |   2 |  474.5 |
               +--------+--------+--------+--------+--------+-----+--------+

Top non-repeatable levels by time:
     D:1: 678 daAuts
     D:2: 271 daAuts
